AoeStats
← Caribe

Hideout

508104397Analyzed
1v1 RM · 11d ago on Sep 20, 2026· 50m 45s· 2 players
Game mode
Random Map
Map size
Tiny (2 player)
Population
200
Speed
Normal
Resources
Standard
Victory
Conquest
Starting age
Dark Age
Ending age
Imperial Age
RankedLock teamsTeams togetherTeam positionsShared explorationLock speedFull tech treeHidden civsTurbo modeCheats
Victory
Defeat
🇻🇪 Vietnamese · Venezuela
1246
+16
🇺🇸 Wu · United States
1236
-16
Rsquared
7:29 Loom
9:49 Feudal Age
10:32 Man-at-Arms
13:04 Horse Collar
13:51 Arson
15:50 Scale Mail Armor
20:26 Castle Age
19:27 Forging
19:11 Double-Bit Axe
20:05 Gold Mining
20:46 Fletching
21:24 Squires
24:29 Heavy Plow
26:19 Wheelbarrow
26:56 Chain Mail Armor
28:10 Bodkin Arrow
29:40 Iron Casting
30:32 Hand Cart
33:35 Gold Shaft Mining
33:26 Long Swordsman
33:26 Pikeman
35:44 Town Watch
36:55 Stone Mining
37:33 Bow Saw
40:45 Imperial Age
39:22 Red Cliffs Tactics
40:38 Sanctity
40:29 Redemption
40:46 Ballistics
40:36 Masonry
40:25 Elite Skirmisher
41:58 Plate Mail Armor
42:48 Husbandry
43:35 Conscription
43:25 Treadmill Crane
44:24 Stone Shaft Mining
44:19 Guilds
46:56 Chemistry
46:27 Architecture
47:38 Two-Man Saw
46:52 Halberdier
Caribe
11:41 Feudal Age
15:21 Castle Age
13:52 Fletching
14:22 Double-Bit Axe
15:05 Horse Collar
16:08 Loom
16:40 Bow Saw
17:54 Padded Archer Armor
20:02 Heavy Plow
21:38 Bodkin Arrow
23:40 Leather Archer Armor
27:57 Imperial Age
26:38 Forging
26:33 Scale Barding Armor
27:05 Bloodlines
26:55 Husbandry
27:26 Husbandry
28:59 Iron Casting
29:49 Bracer
33:08 Wheelbarrow
34:27 Chain Barding Armor
34:10 Chatras
36:41 Elite Battle Elephant
39:08 Town Watch
42:44 Hand Cart
42:29 Town Patrol
46:36 Chemistry
46:19 Gold Mining
46:53 Paper Money
49:20 Ring Archer Armor
48:52 Elite Skirmisher
49:15 Light Cavalry
Connection lost

Rejoining the realm…

Still unreachable

The connection could not be restored.

Session expired

The server has moved on; the page needs a fresh start.